 Dungeon Crawl Stone Soup version 0.27-a0-1322-gfdffb62a71 (webtiles) character file.

Game seed: 240629197509101563

268 Manareshi the Firebug (level 6, -3/45 HPs)
             Began as a Draconian Fire Elementalist on June 23, 2021.
             Slain by an orc wizard (4 damage)
             ... on level 3 of the Dungeon.
             The game lasted 00:05:08 (2546 turns).

Manareshi the Firebug (Draconian Fire Elementalist) Turns: 2546, Time: 00:05:09

Health: -3/45      AC:  6    Str: 11    XL:     6   Next: 0%
Magic:  3/11       EV: 12    Int: 17    God:
Gold:   9          SH:  0    Dex: 11    Spells: 11/12 levels left

rFire    . . .     SeeInvis .   k - +0 lajatang
rCold    . . .     Faith    .   (shield currently unavailable)
rNeg     . . .     Spirit   .   (armour unavailable)
rPois    .         Reflect  .   (helmet restricted)
rElec    .         Harm     .   (no cloak)
rCorr    +         Rampage  .   (no gloves)
Will     .....                  (no boots)
Stlth    ++........             (no amulet)
HPRegen  0.15/turn              f - ring of resist corrosion
MPRegen  0.12/turn              (no ring)

@: no status effects
A: AC +6, unfitting armour, cold-blooded
a: no special abilities


You were on level 3 of the Dungeon.
You visited 1 branch of the dungeon, and saw 3 of its levels.

You collected 9 gold pieces.

Inventory:

Hand Weapons
 k - a +0 lajatang (weapon)
Missiles
 g - 18 poisoned darts (quivered)
Jewellery
 f - a ring of resist corrosion (left hand)
Scrolls
 a - a scroll of teleportation {unknown}
 c - 2 scrolls of enchant armour {unknown}
 e - a scroll of fog {unknown}
 h - a scroll of enchant weapon {unknown}
Potions
 b - a potion of flight {unknown}
 d - a potion of ambrosia {unknown}
 i - a potion of haste {unknown}
 j - 2 potions of lignification {unknown}


   Skills:
 - Level 1.7 Dodging
 - Level 1.7 Stealth
 + Level 3.7 Spellcasting
 + Level 3.4 Conjurations
 + Level 4.5 Fire Magic


You had 11 spell levels left.
You knew the following spells:

 Your Spells              Type           Power      Damage    Failure   Level
a - Foxfire               Conj/Fire      64%        2x1d7     3%          1

Your spell library contained the following spells:

 Spells                   Type           Power      Damage    Failure   Level
 Conjure Flame            Conj/Fire      16%        6-21      10%         3
 Corona                   Hex            3%         N/A       16%         1
 Inner Flame              Hex/Fire       10%        N/A       19%         3
 Ensorcelled Hibernation  Hex/Ice        6%         N/A       24%         2
 Dazzling Flash           Conj/Hex       18%        N/A       24%         3
 Sticky Flame             Conj/Fire      16%        2d4       30%         4
 Confusing Touch          Hex            3%         N/A       43%         3
 Tukima's Dance           Hex            3%         N/A       43%         3
 Fireball                 Conj/Fire      8%         3d6       65%         5


Dungeon Overview and Level Annotations

Branches:
Dungeon (3/15)

Altars:
Elyvilon

Shops:
D:2 ?


Innate Abilities, Weirdness & Mutations

Your plain brown scales are hard. (AC +6)
You cannot fit into any form of body armour.
You are cold-blooded and may be slowed by cold attacks.


Message History

The orc wizard flickers and vanishes!
You miss something. Something hits you but does no damage.
You hear some strange, mumbled words.
A magic dart appears from out of thin air!
The magic dart hits you.
You miss something. Something hits you but does no damage.
You hear some strange, mumbled words.
A magic dart appears from out of thin air!
The magic dart hits you. Something hits you but does no damage.
You barely miss something.
Your tail-slap misses something.
Something hits you. Something hits you but does no damage.
You barely miss something. Something hits you.
The orc wizard gestures at you while chanting.
The magic dart hits something.
Something hits you but does no damage. x2
The orc wizard gestures at you while chanting.
The magic dart hits something.
Something hits you but does no damage.
Casting: Foxfire (safe; 3% risk of failure)
Confirm with . or Enter, or press ? or * to list all spells.
Nothing appears to happen.
Something hits you but does no damage. Something hits you.
Casting: Foxfire (safe; 3% risk of failure)
Confirm with . or Enter, or press ? or * to list all spells.
Nothing appears to happen.
Something hits you.
* * * LOW HITPOINT WARNING * * *
Something hits you but does no damage.
You closely miss something. Something hits you.
* * * LOW HITPOINT WARNING * * *
Something hits you but does no damage.
You closely miss something. You tail-slap something.
Something hits you but does no damage.
You hear some strange, mumbled words.
A puff of flame appears from out of thin air!
The puff of flame hits you!
* * * LOW HITPOINT WARNING * * *
Something completely misses you.
You barely miss something.
The orc wizard casts a spell.
The orc wizard flickers and vanishes!
Something hits you but does no damage. Something hits you.
You die...

#.... ... #..# #.. #..#
.#.# ##.## .##.## .
#.†######..#...
#.#..†......##)#####.###
.......)).###...<.......
##.....)###....#{#.#.#..
##.........#..#@# #
#.......###..#{#
####....# #...{#
.....#.#####...#
..............#.#
......##.#.....(..#
......##...##.#.###
...... ##..#..#.# .....
#..#.##.#


There were no monsters in sight!

Vanquished Creatures
  A phantom (D:2)
  3 orc priests
  An orc wizard (D:2)
  2 adders (D:3)
  4 dart slugs
  7 orcs
  4 ball pythons
  A bat (D:3)
  2 endoplasms (D:1)
  2 giant cockroaches (D:1)
  4 goblins
  A hobgoblin (D:1)
  6 jackals (D:2)
  3 quokkas (D:1)
  3 frilled lizards
  2 kobolds
  3 rats
49 creatures vanquished.

Vanquished Creatures (others)
  151 foxfires
151 creatures vanquished.

Grand Total: 200 creatures vanquished

Notes
Turn   | Place    | Note
-------+----------+-------------------------------------------
     0 | D:1      | Manareshi the Draconian Fire Elementalist began the quest
                  | for the Orb.
     0 | D:1      | Reached XP level 1. HP: 14/14 MP: 3/3
   150 | D:1      | Reached XP level 2. HP: 20/20 MP: 0/5
  1049 | D:2      | Reached XP level 3. HP: 26/26 MP: 4/6
  1190 | D:2      | Reached XP level 4. HP: 2/33 MP: 0/8
  1415 | D:2      | Noticed a phantom
  1426 | D:2      | Killed a phantom
  1427 | D:2      | Reached skill level 4 in Fire Magic
  1427 | D:2      | Reached XP level 5. HP: 31/38 MP: 3/9
  1539 | D:2      | Found a white marble altar of Elyvilon.
  1873 | D:2      | Found Pypreu's Magic Scroll Shop.
  2168 | D:3      | Noticed an ogre
  2516 | D:3      | Reached XP level 6. HP: 26/45 MP: 1/11
  2545 | D:3      | HP: 1/45 [something/puff of flame (7)]
  2546 | D:3      | Slain by an orc wizard

Illustrated notes

Levels and vault maps discovered:
D:1:      scummos_arrival_gate, layout_basic
D:2:      layout_rooms, basic_altar, serial_shops, nicolae_shop_trees
D:3:      layout_basic, gammafunk_temple_overflow_arena, st_stairs_3,
          supply_closet_lemuel, minivault_24, minmay_randomly_rotated_circles

Skill      XL: |  1  2  3  4  5 |
---------------+----------------+-----
Conjurations   | 2 3 |  3.4
Spellcasting   | 3 |  3.7
Fire Magic     | 4 |  4.5
Dodging        | |  1.7
Stealth        | |  1.7

Action                   |  1- 3 |  4- 6 || total
-------------------------+-------+-------++-------
Melee: Unarmed           |    12 |       ||    12
       Tailslap          |     4 |     4 ||     8
       Dagger            |    15 |     6 ||    21
       Lajatang          |       |    25 ||    25
Throw: Dart              |       |     1 ||     1
 Cast: Foxfire           |    42 |    47 ||    89
Armor: Skin              |     8 |    15 ||    23
Dodge: Dodged            |    16 |    21 ||    37

Table legend: (Time is in decaauts)
 A = Elapsed time spent in this place.
 B = Non-inter-level travel time spent in this place.
 C = Inter-level travel time spent in this place.
 D = Time resting spent in this place.
 E = Time spent auto-exploring this place.
 F = Levels seen in this place.
 G = Mean time per level.
                   A        B        C        D        E       F      G
               +--------+--------+--------+--------+--------+-----+--------+
         Total |   2557 |   2494 |     63 |    628 |   1382 |   3 |  852.3 |
       Dungeon |   2557 |   2494 |     63 |    628 |   1382 |   3 |  852.3 |
               +--------+--------+--------+--------+--------+-----+--------+

Top non-repeatable levels by time:
     D:2: 1360 daAuts
     D:1: 979 daAuts
     D:3: 216 daAuts
